 Dungeon Crawl Stone Soup version 0.20.0-10-g0535bb4 (webtiles) character file.

149 MTVSty1e the Skirmisher (level 5, -1/43 HPs)
             Began as a Formicid Fighter on June 3, 2017.
             Slain by a hobgoblin
             ... wielding a +0 club
              (3 damage)
             ... on level 3 of the Dungeon.
             The game lasted 00:06:32 (2499 turns).

MTVSty1e the Skirmisher (Formicid Fighter)          Turns: 2499, Time: 00:06:35

Health: -1/43      AC:  9    Str: 20    XL:     5   Next: 56%
Magic:  5/5        EV:  7    Int:  7    God:
Gold:   147        SH:  9    Dex: 10    Spells: 4/4 levels left

rFire    . . .     SeeInvis +   a - +0 war axe
rCold    . . .     Gourm    .   c - +0 shield
rNeg     . . .     Faith    .   b - +0 scale mail
rPois    .         Spirit   .   (helmet unavailable)
rElec    .         Reflect  .   (no cloak)
rCorr    .         Harm     .   (no gloves)
MR       .....                  k - +0 pair of boots
Stlth    ..........             (no amulet)
Regen    0.2/turn               p - ring of wizardry
MPRegen  0.1/turn               (no ring)

@: no status effects
A: permanent stasis, dig shafts and tunnels, four strong arms, antennae 3,
shaggy fur 1, weak 1
a: Dig, Shaft Self


You were on level 3 of the Dungeon.
You were not hungry.

You visited 1 branch of the dungeon, and saw 3 of its levels.

You collected 147 gold pieces.

Inventory:

Hand Weapons
 a - a +0 war axe (weapon)
Armour
 b - a +0 scale mail (worn)
 c - a +0 shield (worn)
 k - a +0 pair of boots (worn)
Jewellery
 p - a ring of wizardry (left hand)
Scrolls
 d - a scroll of magic mapping {unknown}
 h - a scroll of random uselessness {unknown}
 i - a scroll of fog {unknown}
 l - 5 scrolls of teleportation {unknown}
 n - a scroll of identify {unknown}
 s - a scroll of enchant weapon {unknown}
 t - a scroll of recharging {unknown}
Potions
 e - 2 potions of mutation
 g - a potion of resistance {unknown}
 j - 2 potions of degeneration {unknown}
 m - a potion of heal wounds {unknown}
 o - a potion of cancellation {unknown}
Comestibles
 f - 4 bread rations
 q - a fruit
 r - a royal jelly


   Skills:
 + Level 4.5 Fighting
 * Level 4.5 Axes
 - Level 3.2 Armour
 - Level 3.6 Shields


You had 4 spell levels left.
You didn't know any spells.

Dungeon Overview and Level Annotations

Branches:
Dungeon (3/15)

Altars:
Trog
Xom

Annotations:
D:3 maniacrov's ghost, amateur HOFi


Innate Abilities, Weirdness & Mutations

You cannot be hasted, slowed, berserked, paralysed or teleported.
You can dig through walls and to a lower floor.
Your four strong arms can wield two-handed weapons with a shield.
You have a pair of large antennae on your head. (SInv)
You are covered in fur. (AC +1)
You are weak. (Str -2)


Message History

The adder barely misses you. The hobgoblin barely misses you.
You block the adder's attack.
Unknown command.
You slash the adder!
You kill the adder!
You barely miss the hobgoblin. The hobgoblin barely misses you.
You block the orc's attack.
Unknown command.
Number of times to repeat, then command key: You must enter the number of times for the command to repeat.
The orc priest casts a cantrip, but nothing happens.
The orc priest mumbles some strange prayers to Beogh against you.
Beogh smites you!
You hit the hobgoblin but do no damage.
The hobgoblin is moderately wounded.
The orc priest mumbles some strange prayers to Beogh against you.
Beogh smites you!
* * * LOW HITPOINT WARNING * * *
The hobgoblin hits you with a club.
You die...

#.....).####.......
#.#####..###.....##
#..........#.....##
#..#####...#.......
#.....###..######## .
#####.##.#.....)<†.# # ...
####.{...##.#...###÷#.###
#...l####o..o######(#...#.[...#..
......)..r...log@......>......#.#
#......o...o.####...#.#.#.......#
#....######### #.###.#..........
#..o #.# #.#......#... #..
#.###.#......###. ..
####.....#....... #. .
#......###...####.#. #......#
#.....)..#. #......###.#..#####.


You could see an orc priest, 3 orcs, a hobgoblin, a frilled lizard and a rat.

Vanquished Creatures
  An orc priest (D:3)
  5 adders
  An ooze (D:1)
  2 worms (D:2)
  A dart slug (D:1)
  A leopard gecko (D:1)
  4 orcs (D:3)
  8 goblins
  8 hobgoblins
  5 jackals
  3 ball pythons
  6 bats
  A frilled lizard (D:1)
  5 kobolds
  12 rats
63 creatures vanquished.

Notes
Turn   | Place    | Note
-------+----------+-------------------------------------------
     0 | D:1      | MTVSty1e the Formicid Fighter began the quest for the Orb.
     0 | D:1      | Reached XP level 1. HP: 18/18 MP: 1/1
   178 | D:1      | Reached XP level 2. HP: 24/24 MP: 2/2
   454 | D:1      | Reached XP level 3. HP: 26/29 MP: 3/3
   456 | D:1      | Gained mutation: You are dopey. (Int -2) [potion of mutation]
   456 | D:1      | Lost mutation: You are dopey. (Int -2) [potion of mutation]
   456 | D:1      | Gained mutation: You are weak. (Str -2) [potion of mutation]
   456 | D:1      | Gained mutation: You are covered in fur. (AC +1) [potion of mutation]
  1272 | D:2      | Reached XP level 4. HP: 33/37 MP: 4/4
  1398 | D:2      | Found a shimmering altar of Xom.
  1399 | D:2      | Found a bloodstained altar of Trog.
  1757 | D:3      | Noticed maniacrov's ghost (amateur HOFi)
  2094 | D:3      | Reached XP level 5. HP: 38/42 MP: 5/5
  2499 | D:3      | HP: 2/43 [orc priest/divine providence (13)]
  2499 | D:3      | Slain by a hobgoblin

Skill      XL: |  1  2  3  4 |
---------------+-------------+-----
Axes           | 3 4 |  4.5
Fighting       | 4 |  4.5
Armour         | |  3.2
Shields        | |  3.6

Action                   |  1- 3 |  4- 6 || total
-------------------------+-------+-------++-------
Melee: War axe           |    73 |   105 ||   178
  Use: Potion            |     3 |       ||     3
  Eat: Chunk             |     1 |     4 ||     5
Armor: Scale mail        |    37 |    50 ||    87
Dodge: Dodged            |    33 |    53 ||    86
Block: Shield            |    42 |    51 ||    93
